 Dungeon Crawl Stone Soup version 0.25-a0-425-g0e000e855e (webtiles) character file.

Game seed: 11178912072315017458, levelgen mode: deterministic

31 Kohma the Changer (level 3, -6/31 HPs)
             Began as a Naga Transmuter on Jan 24, 2020.
             Mangled by a worm (10 damage)
             ... on level 2 of the Dungeon.
             The game lasted 00:02:35 (1712 turns).

Kohma the Changer (Naga Transmuter)                 Turns: 1712, Time: 00:02:35

Health: -6/31      AC:  2    Str: 12    XL:     3   Next: 22%
Magic:  3/6        EV: 19    Int: 14    God:
Gold:   63         SH:  0    Dex: 16    Spells: 2/6 levels left

rFire    . . .     SeeInvis +     - Unarmed
rCold    . . .     Gourm    .   (shield currently unavailable)
rNeg     . . .     Faith    .   (armour currently unavailable)
rPois    x         Spirit   .   (helmet currently unavailable)
rElec    .         Reflect  .   (cloak currently unavailable)
rCorr    .         Harm     .   (gloves currently unavailable)
MR       .....                  (no barding)
Stlth    +.........             (no amulet)
HPRegen  0.10/turn              (no ring)
MPRegen  0.10/turn              (no ring)

@: spider-form (expiring)
A: tiny, see invisible, slow metabolism 1, spit poison 1, AC +1
a: Spit Poison, End Transformation


You were on level 2 of the Dungeon.
You were not hungry.
You were a venomous arachnid creature.
You visited 1 branch of the dungeon, and saw 2 of its levels.

You collected 63 gold pieces.

Inventory:

Missiles
 a - 12 arrows
Armour
 b - a +0 robe (melded)
 f - a +0 cloak (melded)
Scrolls
 c - a scroll of remove curse {unknown}
 h - a scroll of identify {unknown}
 i - a scroll of noise {unknown}
Potions
 e - a potion of agility {unknown}
 g - a potion of lignification {unknown}
Comestibles
 d - 2 rations


   Skills:
 - Level 1.0 Fighting
 - Level 1.5 Dodging
 - Level 3.0 Unarmed Combat
 - Level 2.0 Spellcasting
 + Level 3.6 Transmutations


You had 2 spell levels left.
You knew the following spells:

 Your Spells              Type           Power        Failure   Level  Hunger
a - Beastly Appendage     Tmut           ##....       16%         1    ##.....
b - Spider Form           Tmut/Pois      #.........   56%         3    ####...

Your spell library contained the following spells:

 Spells                   Type           Power        Failure   Level  Hunger
 Sticks to Snakes         Tmut           ##......     22%         2    ###....
 Ice Form                 Ice/Tmut       #.......     89%         4    #####..
 Blade Hands              Tmut           ##........   94%         5    ######.


Dungeon Overview and Level Annotations

Branches:
Dungeon (2/15)

Altars:
Trog


Innate Abilities, Weirdness & Mutations

You cannot wear boots.
((Your serpentine skin is tough. (AC +1)))
You have supernaturally acute eyesight. (SInv)
((Armour fits poorly on your strangely shaped body.))
((Your system is resistant to poisons. (rPois)))
((You cover ground very slowly.))
You have a slow metabolism.
You can spit poison.


Message History

The worm bites you!
* * * LOW HITPOINT WARNING * * *
You hit the worm but do no damage.
Casting: Beastly Appendage (safe; 5% risk of failure)
Confirm with . or Enter, or press ? or * to list all spells.
Your horns disappear.
You turn into a venomous arachnid creature.
Your +0 cloak melds into your body.
Your +0 robe melds into your body.
The worm closely misses you.
You hit the worm.
The worm is poisoned.
The worm is moderately wounded.
The worm barely misses you.
You hit the worm.
The worm is moderately wounded.
Your transformation is almost over.
You hit the worm but do no damage.
The worm looks as sick as possible!
The worm is moderately wounded.
A bat comes into view.
The worm bites you!
You die...

....# #..###.# #. #b..#
#.###..##.# #. #...#
#....._.รท.# ##.
#........##...### #.. #
#..%#### ###.# #.# .
#...# #.# #.# #.#...# #.#
#.# ###.#..w#########.#
#.# ........s(.....##.#
#.#
###.#...##...)....#####.#
........##.###..........#
###.##..##.###..#########
#. #..........# #
#..##.###.## #..##.###.#
#......##.# #.........#


You could see a worm and a bat.

Vanquished Creatures
  An ooze (D:1)
  A dart slug (D:1)
  A leopard gecko (D:2)
  8 goblins
  A hobgoblin (D:1)
  2 bats (D:1)
  3 frilled lizards
  3 kobolds
  3 rats (D:1)
23 creatures vanquished.

Notes
Turn   | Place    | Note
-------+----------+-------------------------------------------
     0 | D:1      | Kohma the Naga Transmuter began the quest for the Orb.
     0 | D:1      | Reached XP level 1. HP: 18/18 MP: 3/3
   797 | D:1      | Reached XP level 2. HP: 22/25 MP: 3/5
  1356 | D:1      | Reached XP level 3. HP: 26/31 MP: 4/6
  1560 | D:2      | Found a bloodstained altar of Trog.
  1594 | D:2      | Learned a level 3 spell: Spider Form
  1712 | D:2      | Mangled by a worm

Levels and vault maps discovered:
D:1:      dpeg_arrival_tiny_h, layout_loops_corners
D:2:      layout_loops_ring, marbit_many_paths, zin_scriptorium,
          overflow_temple_1_default, serial_bayou_ford_a,
          okawaru_altar_gauntlet_db

Skill      XL: |  1  2 |
---------------+-------+-----
Transmutations | 3 |  3.6
Fighting       | |  1.0
Dodging        | |  1.5
Unarmed Combat | |  3.0
Spellcasting   | |  2.0

Action                   || total
-------------------------++-------
Melee: Unarmed           ||    88
       Headbutt          ||     5
 Cast: Beastly Appendage ||    18
       Spider Form       ||     1
  Eat: Chunk             ||     2
Armor: Robe              ||    20
Dodge: Dodged            ||    33

Table legend:
 A = Non-vault XP
 B = Vault XP
 C = Vault XP percentage of total XP
 D = Non-vault monster count
 E = Vault monster count
 F = Vault count percentage of total count
                 A         B        C        D         E       F
            +---------+---------+-------+---------+---------+-------
      Total |      45 |       0 |   0.0 |      23 |       0 |   0.0
            +---------+---------+-------+---------+---------+-------
        D:1 |      34 |       0 |   0.0 |      17 |       0 |   0.0
        D:2 |      11 |       0 |   0.0 |       6 |       0 |   0.0
            +---------+---------+-------+---------+---------+-------
